 Dungeon Crawl Stone Soup version 0.27.1-1-g398f81649c (webtiles) character file.

Game seed: 1118425892536443718

79 Rickety the Sneak (level 4, -4/21 HPs)
             Began as a Spriggan Enchanter on Sept 18, 2021.
             Killed from afar by an orc wizard (5 damage)
             ... with a magic dart
             ... on level 2 of the Dungeon.
             The game lasted 00:06:26 (2933 turns).

Rickety the Sneak (Spriggan Enchanter)              Turns: 2933, Time: 00:06:28

Health: -4/21      AC:  3    Str:  4    XL:     4   Next: 16%
Magic:  0/10       EV: 17    Int: 16    God:
Gold:   123        SH:  5    Dex: 16    Spells: 1/10 levels left

rFire    . . .     SeeInvis +   a - +1 dagger
rCold    . . .     Faith    .   c - +0 buckler
rNeg     . . .     Spirit   .   b - +0 robe
rPois    .         Reflect  .   (helmet restricted)
rElec    .         Harm     .   d - +0 cloak
rCorr    .         Rampage  .   (gloves unavailable)
Will     .....                  (boots unavailable)
Stlth    +++.......             (no amulet)
HPRegen  0.07/turn              (no ring)
MPRegen  0.12/turn              (no ring)

@: very slightly contaminated, very quick
A: very small, no large weapons, unfitting armour, see invisible, speed 3
a: no special abilities


You were on level 2 of the Dungeon.
You visited 1 branch of the dungeon, and saw 3 of its levels.

You collected 123 gold pieces.

Inventory:

Hand Weapons
 a - a +1 dagger (weapon)
Missiles
 l - 10 poisoned darts (quivered)
Armour
 b - a +0 robe (worn)
 c - a +0 buckler (worn)
 d - a +0 cloak (worn)
Magical Staves
 o - a staff of conjuration
Scrolls
 f - a scroll of vulnerability {unknown}
 h - 2 scrolls of fog {unknown}
 i - 2 scrolls of teleportation {unknown}
 k - 3 scrolls of identify {unknown}
 n - a scroll of fear {unknown}
 r - a scroll of summoning {unknown}
Potions
 e - 2 potions of attraction {unknown}
 g - 3 potions of curing {unknown}
 j - a potion of flight {unknown}
 m - a potion of degeneration {unknown}
 p - 2 potions of might {unknown}
 q - a potion of magic {unknown}


   Skills:
 + Level 1.1 Short Blades
 + Level 3.0 Dodging
 + Level 5.4 Stealth
 + Level 0.2 Shields
 + Level 3.7 Spellcasting
 + Level 4.4 Hexes
 + Level 0.5 Ice Magic


You had one spell level left.
You knew the following spells:

 Your Spells              Type           Power      Damage    Failure   Level
a - Corona                Hex            18%        N/A       4%          1
b - Ensorcelled Hibernat  Hex/Ice        20%        N/A       16%         2
c - Confusing Touch       Hex            17%        N/A       14%         3
t - Tukima's Dance        Hex            17%        N/A       14%         3

Your spell library contained the following spells:

 Spells                   Type           Power      Damage    Failure   Level
 Dazzling Flash           Conj/Hex       20%        N/A       34%         3


Dungeon Overview and Level Annotations

Branches:
Dungeon (3/15)

Altars:

Shops:
D:2 [


Innate Abilities, Weirdness & Mutations

You are very small and have problems with some larger weapons.
You are too small for most types of armour.
You have supernaturally acute eyesight. (SInv)
You cover ground extremely quickly. (Speed+++)


Message History

The orc wizard is moderately wounded.
The orc wizard hits you but does no damage.
You hit the orc wizard but do no damage.
The orc wizard is moderately wounded.
The orc wizard hits you with a +0 dagger.
* * * LOW HITPOINT WARNING * * *
You barely miss the orc wizard.
The orc wizard is moderately wounded.
The orc wizard hits you with a +0 dagger.
* * * LOW HITPOINT WARNING * * *
Casting: Confusing Touch (extremely dangerous; 14% risk of failure)
Confirm with . or Enter, or press ? or * to list all spells.
Aiming: Ensorcelled Hibernation (safe; 16% risk of failure)
Press: ? - help, Shift-Dir - straight line, f - orc wizard
Aim: an orc wizard, wielding a +0 dagger and wearing a +0 robe (moderately wounded, chance to affect: 41%)
You miscast Ensorcelled Hibernation.
Nothing appears to happen.
You block the orc wizard's attack.
Casting: Ensorcelled Hibernation (safe; 16% risk of failure)
Confirm with . or Enter, or press ? or * to list all spells.
Aiming: Ensorcelled Hibernation (safe; 16% risk of failure)
Press: ? - help, Shift-Dir - straight line, f/p - orc wizard
Aim: an orc wizard, wielding a +0 dagger and wearing a +0 robe (moderately wounded, chance to affect: 41%)
You miscast Ensorcelled Hibernation.
Nothing appears to happen.
The orc wizard hits you but does no damage.
Casting: Ensorcelled Hibernation (safe; 16% risk of failure)
Confirm with . or Enter, or press ? or * to list all spells.
Aiming: Ensorcelled Hibernation (safe; 16% risk of failure)
Press: ? - help, Shift-Dir - straight line, f/p - orc wizard
Aim: an orc wizard, wielding a +0 dagger and wearing a +0 robe (moderately wounded, chance to affect: 41%)
The orc wizard resists with some effort.
The orc wizard barely misses you.
Casting: Ensorcelled Hibernation (safe; 16% risk of failure)
Confirm with . or Enter, or press ? or * to list all spells.
Aiming: Ensorcelled Hibernation (safe; 16% risk of failure)
Press: ? - help, Shift-Dir - straight line, f/p - orc wizard
Aim: an orc wizard, wielding a +0 dagger and wearing a +0 robe (moderately wounded, chance to affect: 41%)
You miscast Ensorcelled Hibernation.
Nothing appears to happen.
The orc wizard casts a spell at you. The magic dart hits you.
You die...

#.#.#
#.####.# #.#
#.#.# #.#
#.# #.#
#.#.# #.#
##.###.#
####...#
#.###...##.#
.....###
#..........#
####.#
#####...####
#.# ##.##
#.# #o# #.#
#@# ####.#
#># #....#
####.#
#.####
#....# #.#
#.#### #.#
#.# #.# #.#
#.## #.#
...## #.#


You could see an orc wizard.

Vanquished Creatures
  A hound (D:2)
  An adder (D:2)
  A worm (D:2)
  A dart slug (D:1)
  An orc (D:2)
  2 ball pythons (D:1)
  2 endoplasms
  2 giant cockroaches
  A goblin (D:1)
  2 hobgoblins (D:1)
  6 jackals
  4 bats
  2 frilled lizards
  5 kobolds
31 creatures vanquished.

Notes
Turn   | Place    | Note
-------+----------+-------------------------------------------
     0 | D:1      | Rickety the Spriggan Enchanter began the quest for the Orb.
     0 | D:1      | Reached XP level 1. HP: 9/9 MP: 5/5
   565 | D:1      | Reached XP level 2. HP: 13/13 MP: 6/6
   571 | D:1      | Learned a level 2 spell: Ensorcelled Hibernation
   991 | D:1      | Found a faded altar of an unknown god.
  1281 | D:2      | Reached skill level 5 in Stealth
  1281 | D:2      | Reached XP level 3. HP: 16/16 MP: 4/8
  1285 | D:2      | Learned a level 3 spell: Confusing Touch
  1752 | D:2      | Found Qeyzxaw's Armour Shop.
  2105 | D:2      | Reached XP level 4. HP: 20/21 MP: 2/10
  2109 | D:2      | Learned a level 3 spell: Tukima's Dance
  2929 | D:2      | HP: 1/21 [orc wizard (1)]
  2933 | D:2      | Killed from afar by an orc wizard

Illustrated notes

Levels and vault maps discovered:
D:1:      minmay_arrival_radiant_lines, layout_loops_ring,
          ebering_ecumenical_altar_abandoned, grunt_decor_mini_mirrors,
          minmay_cupped
D:2:      layout_loops_ring, serial_shops, shop
D:3:      layout_basic, mainiacjoe_overflow_two_lobes

Skill      XL: |  1  2  3  4 |
---------------+-------------+-----
Hexes          | 4 |  4.4
Stealth        | 5 |  5.4
Spellcasting   | 3 |  3.7
Dodging        | 3 |  3.0
Short Blades   | |  1.1
Shields        | |  0.2
Ice Magic      | |  0.5

Action                   |  1- 3 |  4- 6 || total
-------------------------+-------+-------++-------
Melee: Dagger            |    48 |    68 ||   116
Throw: Dart              |       |     4 ||     4
 Cast: Corona            |     5 |       ||     5
       Ensorcelled Hiber |    17 |     7 ||    24
       Tukima's Dance    |       |     3 ||     3
       Confusing Touch   |       |     2 ||     2
 Stab: Sleeping          |    16 |     2 ||    18
Armor: Robe              |     3 |    16 ||    19
Dodge: Dodged            |    33 |    51 ||    84
Block: Buckler           |    14 |    15 ||    29
